 Dungeon Crawl Stone Soup version 0.22.0 (webtiles) character file.

134 KnightedAnt the Skirmisher (level 5, -1/42 HPs)
             Began as a Formicid Abyssal Knight on Oct 28, 2018.
             Was a Believer of Lugonu.
             Slain by an ogre
             ... wielding a +0 giant club
              (17 damage)
             ... on level 3 of the Dungeon.
             The game lasted 00:05:21 (3320 turns).

KnightedAnt the Skirmisher (FoAK)                   Turns: 3320, Time: 00:05:21

Health: -1/42      AC: 12    Str: 17    XL:     5   Next: 40%
Magic:  7/7        EV:  5    Int: 12    God:    Lugonu [**....]
Gold:   190        SH:  4    Dex: 10    Spells: 4/4 levels left

rFire    . . .     SeeInvis +   a - +1 mace
rCold    . . .     Gourm    .   f - +0 buckler
rNeg     . . .     Faith    .   r - +0 plate armour
rPois    .         Spirit   .   (helmet unavailable)
rElec    .         Reflect  .   (no cloak)
rCorr    .         Harm     .   s - +0 pair of gloves
MR       .....                  (no boots)
Stlth    ..........             (no amulet)
HPRegen  0.14/turn              (no ring)
MPRegen  0.10/turn              (no ring)

@: no status effects
A: permanent stasis, dig shafts and tunnels, four strong arms, antennae 3
a: Dig, Shaft Self, Depart the Abyss, Bend Space, Renounce Religion


You were on level 3 of the Dungeon.
You worshipped Lugonu.
Lugonu was pleased with you.
You were not hungry.

You visited 1 branch of the dungeon, and saw 4 of its levels.
You visited the Abyss 1 time.

You collected 190 gold pieces.

Inventory:

Hand Weapons
 a - a +1 mace (weapon)
Armour
 b - a +0 leather armour
 f - a +0 buckler (worn)
 r - a +0 plate armour (worn)
 s - a +0 pair of gloves (worn)
Scrolls
 g - 6 scrolls of identify {unknown}
 h - 2 scrolls of enchant weapon {unknown}
 i - 2 scrolls of remove curse {unknown}
 j - a scroll of fear {unknown}
 m - 2 scrolls of random uselessness {unknown}
 o - 2 scrolls of fog {unknown}
 q - a scroll of magic mapping {unknown}
Potions
 d - 2 potions of agility {unknown}
 k - a potion of might {unknown}
 n - a potion of heal wounds {unknown}
 p - a potion of mutation {unknown}
Comestibles
 c - 5 rations


   Skills:
 + Level 3.9 Fighting
 + Level 2.8 Maces & Flails
 + Level 3.1 Armour
 - Level 1.4 Dodging
 * Level 2.1 Shields
 + Level 3.3 Invocations


You had 4 spell levels left.
You didn't know any spells.
Your spell library was empty.

Dungeon Overview and Level Annotations

Branches:
Dungeon (4/15)
 Temple: D:4-7

Altars:
Ashenzari
Gozag
Kikubaaqudgha
Qazlal


Innate Abilities, Weirdness & Mutations

You cannot be hasted, slowed, berserked, paralysed or teleported.
You can dig through walls and to a lower floor.
Your four strong arms can wield two-handed weapons with a shield.
You have a pair of large antennae on your head. (SInv)


Message History

What level of the Dungeon? (default 1, ? - help)
There is a stone staircase leading down here.
You climb downwards.
An ogre comes into view. It is wielding a giant club.
Found a glowing helmet.
There is a stone staircase leading up here.
The ogre barely misses you.
You climb upwards.
There is a stone staircase leading down here.
You closely miss the ogre. The ogre hits you with a giant club!
You hit the ogre.
The ogre is lightly wounded.
The ogre hits you with a giant club!
Your plate armour prevents you from hitting the ogre.
The ogre is lightly wounded.
The ogre hits you with a giant club.
You sock the ogre!
The ogre is heavily wounded.
The ogre hits you with a giant club!
You die...

##########.##..# #.#
#.#
...........##..###.#
#.#
######..#####......#
#.#
######..######.#####
#.# #............#.#
#.#######
#.####..####.#.#
#........ #.# #..#
##.#.# ########.
#.####..###..#.######
#.
...........#....@O..#
#.
#.####..#.###...###.#
## #.# #...## ##..#
#.# #.#
#..#.###...###.#
#.####..##.#.##.....#
#............##.#.###
##
######..#######.#.#
#. ######..# #.#.# #.
#.......#######...###
###.


You could see an ogre.

Vanquished Creatures
  Terence (D:3)
  A worker ant (D:3)
  3 adders
  3 dart slugs
  3 leopard geckos
  7 bats
  A giant cockroach (D:1)
  3 goblins
  4 hobgoblins
  3 jackals (D:3)
  7 kobolds
  2 quokkas (D:2)
  3 ball pythons
  4 frilled lizards
  6 rats
51 creatures vanquished.

Notes
Turn   | Place    | Note
-------+----------+-------------------------------------------
     0 | Abyss:1  | KnightedAnt the Formicid Abyssal Knight began the quest for the Orb.
     0 | Abyss:1  | Reached XP level 1. HP: 18/18 MP: 2/2
   113 | Abyss:1  | Noticed a wretched star
   117 | Abyss:1  | Noticed a thrashing horror
   122 | D:1      | Escaped the Abyss
   406 | D:1      | Reached skill level 1 in Dodging
   579 | D:1      | Reached XP level 2. HP: 21/24 MP: 3/3
   701 | D:1      | Reached * piety under Lugonu
  1016 | D:1      | Reached XP level 3. HP: 28/29 MP: 4/4
  1624 | D:2      | Found an opulent altar of Gozag.
  1824 | D:2      | Reached XP level 4. HP: 37/37 MP: 6/6
  2017 | D:3      | Reached skill level 1 in Shields
  2461 | D:3      | Found an ancient bone altar of Kikubaaqudgha.
  2594 | D:3      | Found a stormy altar of Qazlal.
  2595 | D:3      | Found a shattered altar of Ashenzari.
  2612 | D:3      | Reached ** piety under Lugonu
  2648 | D:3      | Reached XP level 5. HP: 8/42 MP: 7/7
  3032 | D:3      | Noticed Terence
  3041 | D:3      | Killed Terence
  3313 | D:4      | Noticed an ogre
  3320 | D:3      | Slain by an ogre

Skill      XL: |  1  2  3  4  5 |
---------------+----------------+-----
Dodging        | 1 |  1.4
Shields        | 1 2 |  2.1
Invocations    | 3 |  3.3
Armour         | 3 |  3.1
Fighting       | |  3.9
Maces & Flails | |  2.8

Action                   |  1- 3 |  4- 6 || total
-------------------------+-------+-------++-------
Melee: Mace              |   121 |    84 ||   205
Invok: Depart the Abyss  |     1 |       ||     1
  Use: Potion            |       |     2 ||     2
  Eat: Chunk             |     3 |     5 ||     8
Armor: Chain mail        |    80 |     8 ||    88
       Leather armour    |     1 |       ||     1
       Plate armour      |       |    51 ||    51
Dodge: Dodged            |    64 |    22 ||    86
Block: Buckler           |     5 |    12 ||    17
